Map: Ruins of Endion

Players

blackxored

  • Race: Zerg Zerg
  • League: Diamond

Deep - Winner!

  • Race: Protoss Protoss
  • League: Platinum

VOD

Have the link to the VOD?

Description

Time

  • Played on: June 19, 2016, 8:28 p.m.
  • Length: 10:01
Show
View Real Time Build Order
Export as new Build Order

blackxored Zerg 

Build Orders: Pool First 

Get SALT Encoding   

  12  0:02  Drone  
  13  0:09  Drone  
  14  0:18  Overlord  
  14  0:24  Extractor, Drone  
  15  0:37  Drone x2  
  17  0:47  Spawning Pool  
  16  0:52  Extractor  
  16  0:54  Drone  
  16  0:58  Drone  
  17  1:07  Drone  
  18  1:17  Drone  
  19  1:28  Overlord  
  19  1:35  Queen  
  21  1:40  Drone  
  22  1:50  Zergling x2  
  23  2:02  Zergling x2, Hatchery  
  23  2:07  Metabolic Boost  
  23  2:13  Zergling x2  
  24  2:22  Drone  
  25  2:35  Hatchery  
  25  2:36  Drone  
  25  2:53  Drone x3  
  28  3:06  Overlord  
  28  3:09  Pneumatized Carapace  
  28  3:17  Queen  
  28  3:18  Drone x4  
  34  3:34  Drone x2  
  36  3:36  Overlord  
  36  3:45  Baneling Nest, Drone  
  36  3:47  Drone x2, Evolution Chamber  
  37  3:51  Queen x2  
  41  3:58  Zergling x6  
  44  4:18  Zerg Melee Weapons Level 1  
  44  4:20  Drone x8  
  52  4:31  Lair  
  52  4:38  Extractor  
  51  4:40  Extractor  
  50  4:46  Zergling x6  
  50  4:47  Zergling x10  
  50  4:51  Extractor  
  57  5:03  Baneling x3  
  57  5:06  Baneling  
  57  5:34  Drone  
  58  5:41  Overlord  
  58  5:42  Overlord  
  58  6:07  Drone  
  58  6:08  Drone x6  
  65  6:17  Drone x9  
  74  6:19  Extractor  
  74  6:20  Overlord x3  
  74  6:21  Overlord  
  73  6:45  Extractor  
  70  6:49  Drone x3  
  70  6:52  Drone  
  74  6:55  Spire  
  74  6:56  Drone x2  
  74  6:57  Drone  
  74  6:58  Drone x3  
  79  7:06  Zergling x18  
  88  7:16  Baneling x4  
  88  7:25  Drone x6  
  94  7:45  Drone  
  95  7:58  Zergling x6  
  96  8:00  Overlord x4  
  96  8:01  Overlord  
  98  8:09  Hatchery  
  96  8:20  Zergling x28  
  96  8:22  Baneling x16  
  96  8:23  Baneling x8  
  109  8:27  Mutalisk x2  
  113  8:42  Mutalisk x2  
  113  8:43  Mutalisk x6  
  119  9:05  Zergling x10  
  119  9:06  Zergling x12  
  94  9:18  Zergling x10  
  82  9:28  Mutalisk x4  
  73  9:36  Zergling x4  
Show
View Real Time Build Order
Export as new Build Order

Deep Protoss - Winner!

Build Orders: Nexus First 

Get SALT Encoding   

  12  0:00  Probe (Chrono Boost)  
  13  0:11  Probe (Chrono Boost)  
  14  0:20  Pylon  
  14  0:24  Probe (Chrono Boost)  
  15  0:38  Probe (Chrono Boost)  
  16  0:49  Probe (Chrono Boost)  
  17  1:01  Nexus  
  17  1:04  Probe (Chrono Boost)  
  18  1:14  Gateway  
  18  1:17  Probe (Chrono Boost)  
  19  1:27  Assimilator  
  19  1:28  Probe (Chrono Boost)  
  20  1:39  Gateway  
  20  1:42  Assimilator  
  20  1:44  Probe (Chrono Boost)  
  21  1:57  Probe (Chrono Boost)  
  22  2:05  Cybernetics Core  
  22  2:13  Zealot (Chrono Boost)  
  24  2:15  Probe  
  25  2:28  Probe  
  25  2:31  Probe  
  26  2:40  Probe  
  26  2:42  Probe  
  26  2:43  Adept x2 (Chrono Boost)  
  32  2:51  Warp Gate (Chrono Boost)  
  32  2:52  Probe  
  32  2:54  Mothership Core  
  35  3:00  Pylon  
  35  3:04  Probe  
  36  3:10  Adept  
  38  3:18  Probe x2  
  40  3:22  Gateway  
  40  3:28  Adept  
  40  3:30  Probe x2  
  44  3:37  Pylon  
  44  3:45  Probe x2  
  46  3:57  Probe x2  
  48  4:03  Gateway  
  48  4:15  Probe x2  
  50  4:22  Nexus  
  50  4:27  Probe x2  
  50  4:30  Pylon  
  52  4:39  Probe x2  
  52  4:43  Pylon  
  54  4:51  Probe x2  
  56  4:59  Forge  
  56  5:01  Forge, Assimilator  
  56  5:03  Robotics Facility, Twilight Council, Probe  
  56  5:04  Probe  
  56  5:05  Assimilator  
  58  5:16  Stalker x2, Probe x2  
  64  5:28  Probe x2  
  66  5:31  Stalker x2  
  70  5:36  Protoss Ground Weapons Level 1 (Chrono Boost)  
  70  5:41  Protoss Ground Armor Level 1 (Chrono Boost)  
  70  5:45  Pylon  
  70  5:53  Probe  
  70  5:55  Pylon, Probe x2  
  73  6:02  Assimilator  
  73  6:04  Assimilator, Probe  
  73  6:06  Sentry x2  
  73  6:07  Probe x2  
  80  6:11  Blink (Chrono Boost)  
  80  6:14  Observer  
  80  6:16  Stalker  
  83  6:22  Probe  
  83  6:23  Probe  
  85  6:34  Probe x2  
  85  6:35  Observer, Pylon  
  85  6:39  Stalker x2  
  92  6:46  Probe  
  93  6:51  Stalker x2  
  97  6:58  Probe  
  97  6:59  Probe x2  
  100  7:05  Sentry x2  
  100  7:07  Protoss Ground Weapons Level 2 (Chrono Boost)  
  104  7:08  Protoss Ground Armor Level 2 (Chrono Boost)  
  104  7:10  Probe  
  104  7:11  Probe  
  104  7:14  Photon Cannon  
  106  7:19  Pylon  
  106  7:23  Photon Cannon  
  106  7:24  Templar Archives  
  106  7:28  Observer  
  107  7:33  Zealot  
  109  7:39  Pylon  
  109  7:41  Pylon  
  109  7:45  Pylon  
  109  7:48  Warp Prism  
  109  7:50  Pylon  
  111  7:52  Sentry x3  
  117  7:59  Stalker  
  118  8:25  Photon Cannon  
  118  8:27  Zealot, Photon Cannon  
  118  8:28  Zealot x3  
  118  8:29  Photon Cannon  
  118  8:34  Gateway  
  126  8:35  Gateway  
  126  8:38  Gateway  
  126  8:41  Gateway  
  126  8:43  Gateway  
  126  8:49  Zealot x3  
  126  8:50  Zealot  
  126  9:19  Stalker x3  
  126  9:20  Stalker  
  102  9:43  Stalker x3  
  102  9:44  Stalker x3  
  110  9:58  Stalker x3  
Tags
 
Add a new tag
Caveats
  • Supply blocks, unpowered buildings, or Contaminate may cause inaccurate times.
  • Supply counts are checked every 10 seconds.